 Dungeon Crawl Stone Soup version 0.15-a0-1579-gd26fec2 (console) character file.

147 JOKER the Insei (level 5, 0/32 HPs)
             Began as a Kobold Monk on June 19, 2014.
             Slain by a kobold zombie (2 damage)
             ... in an ossuary.
             The game lasted 00:05:26 (993 turns).

JOKER the Insei (Kobold Monk)                        Turns: 993, Time: 00:05:26

HP   0/32        AC  7     Str 10      XL: 5   Next: 55%
MP   5/5         EV 11     Int  8      God:
Gold 92          SH  0     Dex 19      Spells:  0 memorised,  4 levels left

rFire  . . .     SeeInvis .       - Unarmed
rCold  . . .     Clarity  .     g - +2 ring mail
rNeg   . . .     rCorr    .     (no shield)
rPois  .         rRot     .     (no helmet)
rElec  .         Spirit   .     (no cloak)
SustAb .         Warding  .     (no gloves)
rMut   .         Stasis   .     (no boots)
Gourm  .                        (no amulet)
MR     .....                    (no ring)
                                f - cursed ring of flight

@: not resistant to hostile enchantments, unstealthy
A: carnivore 3
a: Evoke Flight


You were in an ossuary.
You were not hungry.

You visited 1 branch of the dungeon, and saw 4 of its levels.
You also visited: Ossuary.

You collected 92 gold pieces.

Inventory:

Hand weapons
 k - a +4 dagger of venom
Armour
 g - a +2 ring mail (worn)
Comestibles
 b - 2 meat rations
Scrolls
 c - a scroll of magic mapping {unknown}
 h - a scroll of teleportation {unknown}
 i - a scroll of random uselessness {unknown}
Jewellery
 f - a cursed ring of flight (left hand)
Potions
 d - 2 potions of brilliance
Books
 j - a book of Control

   Spells                             Type                      Level
   Control Teleport                   Charms/Translocation         4
   Control Undead                     Necromancy                   4
   Enslavement                        Hexes                        4
   Metabolic Englaciation             Hexes/Ice                    5
   Mass Confusion                     Hexes                        6


   Skills:
 - Level 3.2 Fighting
 - Level 3.6 Dodging
 - Level 2.6 Stealth
 + Level 6.4 Unarmed Combat


You had 4 spell levels left.
You didn't know any spells.

Dungeon Overview and Level Annotations

Branches:
Dungeon (4/15)
 Temple: D:4-7

Altars:
Kikubaaqudgha
Qazlal

Annotations:
Ossuary Bloax's ghost, average MfTm


Innate Abilities, Weirdness & Mutations

You are small and have problems with some larger weapons.
You are carnivorous and can eat meat at any time.


Message History

The elf zombie hits you.
* * * LOW HITPOINT WARNING * * *
Bloax's ghost laughs crazily.
Drink which item? (? for menu, Esc to quit)
You feel better.
The centaur zombie hits you but does no damage.
The elf zombie hits you.
* * * LOW HITPOINT WARNING * * *
The centaur zombie closely misses you.
Drink which item? (? for menu, Esc to quit)
You feel better. The centaur zombie hits you.
* * * LOW HITPOINT WARNING * * *
The elf zombie barely misses you. 2 zombies come into view.
The centaur zombie hits you.
* * * LOW HITPOINT WARNING * * *
You hit the centaur zombie.
You destroy the centaur zombie!
The kobold zombie hits you.
You die...

#####################
#................Z...
#....................
#........8..8Z.......#
#.......M.WZ.@.......#
#...######..######...#
#.!.# #.Z# #...# #..#
#.. #...# #..# #...#
#...# .... #...# #...#
....## #...# #...#
....# #...# #...# ..#
#...#


You could see a mummy, Bloax's ghost, 2 kobold zombies and an elf zombie.

Vanquished Creatures
  A centaur zombie (Ossuary)
  A human zombie (Ossuary)
  Jessica (D:2)
  A mummy (Ossuary)
  An adder (D:3)
  An inept feature mimic (D:2)
  A giant gecko (D:1)
  An ooze (D:1)
  A ball python (D:3)
  3 bats
  A bat skeleton (D:4)
  2 hobgoblins
  A quokka (D:2)
  2 giant newts (D:1)
  A goblin (D:1)
  7 hobgoblin zombies (Ossuary)
  2 kobolds
  5 kobold zombies (Ossuary)
  7 orc zombies (Ossuary)
  A quokka zombie (D:4)
  3 rats
  2 rat zombies
46 creatures vanquished.

Notes
Turn   | Place    | Note
--------------------------------------------------------------
     0 | D:1      | JOKER, the Kobold Monk, began the quest for the Orb.
     0 | D:1      | Reached XP level 1. HP: 14/14 MP: 1/1
    88 | D:1      | Reached XP level 2. HP: 9/19 MP: 2/2
   339 | D:2      | Found an ancient bone altar of Kikubaaqudgha.
   339 | D:2      | Found a stormy altar of Qazlal.
   339 | D:2      | Noticed Jessica
   349 | D:2      | Killed Jessica
   349 | D:2      | Reached skill level 5 in Unarmed Combat
   349 | D:2      | Reached XP level 3. HP: 9/23 MP: 3/3
   470 | D:3      | Reached XP level 4. HP: 14/28 MP: 4/4
   642 | D:4      | Found a sand-covered staircase.
   680 | Ossuary  | Entered an ossuary
   920 | Ossuary  | Reached skill level 6 in Unarmed Combat
   920 | Ossuary  | Reached XP level 5. HP: 14/32 MP: 5/5
   951 | Ossuary  | Noticed Bloax's ghost (average MfTm)
   983 | Ossuary  | HP: 1/32 [elf zombie (4)]
   993 | Ossuary  | Slain by a kobold zombie

Action                   |  1- 3 |  4- 6 || total
-------------------------+-------+-------++-------
Melee: Unarmed           |    58 |    99 ||   157
  Use: Scroll            |       |     3 ||     3
       Potion            |       |     3 ||     3
 Stab: Sleeping          |       |     4 ||     4
